 Dungeon Crawl Stone Soup version 0.18.1-48-g4cf74bf (webtiles) character file.

3066 Gargoyl the Protected (level 9, -5/70 HPs)
             Began as a Demonspawn Abyssal Knight on July 2, 2016.
             Was a High Priest of Lugonu.
             Shot with an arrow by a centaur warrior (17 damage)
             ... on level 8 of the Dungeon.
             The game lasted 00:16:14 (8022 turns).

Gargoyl the Protected (Demonspawn Abyssal Knight)   Turns: 8022, Time: 00:16:15

Health: -5/70      AC: 18    Str: 16    XL:     9   Next: 57%
Magic:  11/11      EV:  6    Int: 13    God:    Lugonu [*****.]
Gold:   163        SH:  0    Dex: 13    Spells: 0 memorised, 8 levels left

rFire  . . .     SeeInvis .     F - +0 war axe
rCold  . . .     Gourm    .     g - +1 plate armour
rNeg   . . .     Faith    .     (no shield)
rPois  +         Spirit   .     (helmet restricted)
rElec  .         Dismiss  .     (no cloak)
rCorr  +         Reflect  .     (no gloves)
SustAt .         Harm     .     q - +2 pair of boots
MR     .....                    (no amulet)
Stlth  ..........               E - ring of poison resistance
                                z - ring of resist corrosion

@: very slightly contaminated, not resistant to hostile enchantments, extremely
unstealthy
A: horns 2, demonic guardian 1, spiny 1
a: Depart the Abyss, Bend Space, Banish, Corrupt, Enter the Abyss, Renounce
Religion


You were on level 8 of the Dungeon.
You worshipped Lugonu.
Lugonu was extremely pleased with you.
You were hungry.

You visited 1 branch of the dungeon, and saw 8 of its levels.
You visited the Abyss 1 time.
You also visited: Sewer.

You collected 357 gold pieces.
You spent 194 gold pieces at shops.

Inventory:

Hand Weapons
 B - a +0 halberd
 F - a +0 war axe (weapon)
Missiles
 n - 4 javelins (quivered)
Armour
 g - a +1 plate armour (worn)
 q - a +2 pair of boots (worn)
Jewellery
 z - a ring of resist corrosion (left hand)
 E - a ring of poison resistance (right hand)
Wands
 I - a wand of lightning (7/15)
 K - a wand of random effects (24/48)
Scrolls
 a - 3 scrolls of vulnerability {unknown}
 i - 3 scrolls of identify
 k - a scroll of recharging
 m - 3 scrolls of remove curse
 t - 2 scrolls of magic mapping
 u - 3 scrolls of teleportation
 w - 2 scrolls of fog
 y - 3 scrolls of amnesia
 A - a scroll of blinking
 C - a scroll of enchant armour
Potions
 b - a potion of mutation {unknown}
 d - a potion of agility {unknown}
 e - a potion of berserk rage {unknown}
 h - 5 potions of heal wounds {unknown}
 j - a potion of flight {unknown}
 l - a potion of cure mutation {unknown}
 o - 3 potions of might {unknown}
 p - 6 potions of curing
 r - 5 potions of magic {unknown}
 v - 3 potions of brilliance {unknown}
 J - a potion of haste {unknown}
Miscellaneous
 f - a legendary deck of wonders {the Mercenary}
Comestibles
 c - 8 bread rations
 s - 9 beef jerkies
 x - a slice of pizza
 D - a royal jelly
 H - a meat ration


   Skills:
 + Level 6.3 Fighting
 + Level 5.8 Axes
 + Level 0.3 Throwing
 * Level 9.4 Armour
 + Level 2.0 Dodging
 + Level 0.4 Stealth
 + Level 3.4 Invocations


You had 8 spell levels left.
You didn't know any spells.

Dungeon Overview and Level Annotations

Branches:
Dungeon (8/15)             Temple (0/1) D:5
   Lair: D:8-11

Altars:
Dithmenos
Elyvilon
Fedhas
Nemelex Xobeh
Pakellas
Yredelemnul

Shops:
D:5 ?


Innate Abilities, Weirdness & Mutations

You have a pair of horns on your head.
A weak demonic guardian rushes to your aid.
You are partially covered in sharp spines.


Message History

Your quasit bites the mottled dragon.
Your quasit claws the mottled dragon but does no damage. x2
The centaur warrior completely misses you.
The mottled dragon bites you!
* * * LOW HITPOINT WARNING * * *
The mottled dragon barely misses you.
An orc comes into view. It is wielding a hand axe.
Unknown command.
Drink which item? (? for menu, Esc to quit)
Okay, then.
Read which item? (? for menu, Esc to quit)
Blink to where?
Press: ? - help, Dir - move target cursor You are very lightly contaminated with residual magic.
As you read the scroll of blinking, it crumbles to dust.
Your quasit misses the mottled dragon.
Your quasit claws the mottled dragon but does no damage. x2
The centaur warrior wields an uncursed longbow.
The centaur warrior shoots an arrow.
The arrow hits you!
You die...

%....##....##..#
.##...#8..8#...#
.o......Dc.....#
#..5§..#
##.(...####
###.(.......
#...†.....##
#.......##.#
#@..........#
###....###...
#....# # #.##.#
#.. .# #.# ..
#.. ... ... ...


You could see a centaur warrior, a mottled dragon and a friendly quasit.

Vanquished Creatures
  A troll (D:5)
  Grinder (D:3)
  Menkaure (D:4)
  2 phantoms
  Purgy (D:4)
  4 necrophages (D:7)
  An ogre (D:7)
  6 giant frogs
  2 scorpions
  A water moccasin skeleton (D:6)
  A howler monkey (D:4)
  3 crimson imps
  A quasit (D:7)
  A jelly (D:5)
  A giant frog skeleton (D:7)
  4 orc priests
  A centaur skeleton (D:5)
  4 orc wizards
  3 iguanas
  Terence (D:3)
  Natasha (thrice) (D:2 D:4)
  4 worker ants
  A hound skeleton (D:4)
  A howler monkey zombie (D:7)
  A worker ant zombie (D:7)
  6 gnolls (D:5)
  A howler monkey skeleton (D:5)
  17 adders
  3 river rats (Sewer)
  An ooze (Sewer)
  3 worms
  2 dart slugs
  8 giant geckos
  23 orcs
  11 ball pythons
  5 giant cockroaches
  7 goblins
  10 hobgoblins
  6 jackals
  6 kobolds
  A quokka (D:4)
  7 bats
  A giant gecko skeleton (D:5)
  A giant gecko zombie (D:6)
  7 giant newts
  2 quokka skeletons (D:6)
  40 rats
  2 bushes
220 creatures vanquished.

Vanquished Creatures (collateral kills)
  Eustachio (D:4)
  A necrophage (D:7)
  A hound (D:5)
  A gnoll (D:5)
4 creatures vanquished.

Vanquished Creatures (others)
  3 plants (D:7)
3 creatures vanquished.

Grand Total: 227 creatures vanquished

Notes
Turn   | Place    | Note
--------------------------------------------------------------
     0 | Abyss:1  | Gargoyl the Demonspawn Abyssal Knight began the quest for the Orb.
     0 | Abyss:1  | Reached XP level 1. HP: 18/18 MP: 2/2
    55 | Abyss:2  | Noticed a small abomination
    98 | Abyss:2  | Noticed a thrashing horror
    99 | D:1      | Escaped the Abyss
   340 | D:1      | Reached skill level 2 in Armour
   340 | D:1      | Gained mutation: You have a pair of small horns on your head. [demonic ancestry]
   340 | D:1      | Reached XP level 2. HP: 16/24 MP: 3/3
   837 | D:1      | Reached * piety under Lugonu
  1272 | D:2      | Gained mutation: You are partially covered in sharp spines. [demonic ancestry]
  1272 | D:2      | Reached XP level 3. HP: 20/30 MP: 3/5
  1723 | D:2      | Noticed Natasha
  1727 | D:2      | Killed Natasha
  1727 | D:2      | Gained mutation: You have a pair of horns on your head. [demonic ancestry]
  1727 | D:2      | Reached XP level 4. HP: 32/37 MP: 6/6
  2348 | D:3      | Reached ** piety under Lugonu
  2351 | D:3      | Reached skill level 3 in Armour
  2353 | D:3      | Reached XP level 5. HP: 38/42 MP: 7/7
  2441 | D:3      | Noticed Terence
  2450 | D:3      | Killed Terence
  2601 | D:3      | Reached XP level 6. HP: 23/50 MP: 8/8
  2618 | D:3      | Reached skill level 5 in Fighting
  2632 | D:3      | Found a glowing drain.
  2651 | Sewer    | Entered a sewer
  2877 | Sewer    | Reached *** piety under Lugonu
  2945 | Sewer    | Reached skill level 4 in Armour
  3217 | Sewer    | Reached **** piety under Lugonu
  3233 | Sewer    | Reached skill level 1 in Dodging
  3233 | Sewer    | Reached XP level 7. HP: 40/56 MP: 9/9
  3366 | D:3      | Reached skill level 5 in Armour
  3397 | D:3      | Noticed Grinder
  3404 | D:3      | Paralysed by Grinder for 5 turns
  3413 | D:3      | Paralysed by Grinder for 3 turns
  3423 | D:3      | Killed Grinder
  3798 | D:4      | Noticed Natasha
  3804 | D:4      | Killed Natasha
  3881 | D:4      | Reached skill level 6 in Armour
  4128 | D:4      | Noticed Menkaure
  4135 | D:4      | Killed Menkaure
  4135 | D:4      | Gained mutation: A weak demonic guardian rushes to your aid. [demonic ancestry]
  4135 | D:4      | Reached XP level 8. HP: 27/62 MP: 10/10
  4302 | D:4      | Noticed Natasha
  4308 | D:4      | Killed Natasha
  4358 | D:4      | Noticed Purgy
  4364 | D:4      | Killed Purgy
  4552 | D:4      | Found a shadowy altar of Dithmenos.
  4660 | D:4      | Found a sparkling altar of Nemelex Xobeh.
  4721 | D:4      | Noticed Eustachio
  4734 | D:4      | Killed Eustachio
  4734 | D:4      | Reached skill level 7 in Armour
  4953 | D:5      | Entered Level 5 of the Dungeon
  4958 | D:5      | Reached ***** piety under Lugonu
  5167 | D:5      | Found a white marble altar of Elyvilon.
  5383 | D:5      | Found Jiufae's Magic Scroll Shoppe.
  5391 | D:5      | Bought a scroll of blinking for 97 gold pieces
  5391 | D:5      | Bought a scroll of enchant armour for 97 gold pieces
  5397 | D:5      | Found a staircase to the Ecumenical Temple.
  5444 | D:5      | Noticed a troll
  5455 | D:5      | Killed a troll
  5455 | D:5      | Reached skill level 8 in Armour
  5618 | D:5      | Found a basalt altar of Yredelemnul.
  5862 | D:5      | Reached skill level 5 in Axes
  6031 | D:6      | Reached XP level 9. HP: 68/69 MP: 11/11
  6255 | D:6      | Found an oddly glowing altar of Pakellas.
  7752 | D:7      | Found a blossoming altar of Fedhas.
  7922 | D:7      | Reached skill level 9 in Armour
  8015 | D:8      | Noticed a centaur warrior
  8022 | D:8      | Shot with an arrow by a centaur warrior

Skill      XL: |  1  2  3  4  5  6  7  8  9 |
---------------+----------------------------+-----
Armour         | 2 3 4 6 8 9 |  9.4
Fighting       | 4 5 6 |  6.3
Axes           | 2 3 5 |  5.8
Invocations    | 3 |  3.4
Dodging        | 1 2 |  2.0
Throwing       | |  0.3
Stealth        | |  0.4

Action                   |  1- 3 |  4- 6 |  7- 9 || total
-------------------------+-------+-------+-------++-------
Melee: Hand axe          |   168 |   103 |   210 ||   481
       Headbutt          |    41 |    15 |    56 ||   112
       War axe           |       |       |    96 ||    96
Throw: Javelin           |     2 |       |       ||     2
Invok: Depart the Abyss  |     1 |       |       ||     1
  Use: Scroll            |     1 |     6 |    10 ||    17
       Potion            |       |       |     1 ||     1
 Stab: Distracted        |       |       |     1 ||     1
  Eat: Chunk             |     3 |     5 |    15 ||    23
Armor: Plate armour      |    41 |   124 |   210 ||   375
Dodge: Dodged            |    12 |    22 |    80 ||   114
